 Dungeon Crawl Stone Soup version 0.29-a0-520-gc852659d43 (webtiles) character file.

Game seed: 17311355524161030662

2900 siradein the Skirmisher (level 9, -2/71 HPs)
             Began as a Demonspawn Berserker on June 1, 2022.
             Was an Elder of Trog.
             Slain by an orc warrior
             ... wielding a +0 scimitar
              (8 damage)
             ... on level 7 of the Dungeon.
             The game lasted 00:23:02 (8660 turns).

siradein the Skirmisher (Demonspawn Berserker)      Turns: 8660, Time: 00:23:02

Health: -2/71      AC: 12    Str: 22    XL:     9   Next: 49%
Magic:  9/9        EV:  7    Int:  8    God:    Trog [****..]
Gold:   282        SH: 13    Dex: 13    Spells: 8/8 levels left

rFire   + . .      SeeInvis .   l - +0 mace (venom)
rCold   . . .      Faith    .   v - +0 kite shield
rNeg    . . .      Spirit   .   n - +0 plate armour
rPois   .          Reflect  .   (helmet restricted)
rElec   .          Harm     .   (no cloak)
rCorr   .          Rampage  .   (no gloves)
Will    .....                   (no boots)
Stlth   ..........              (no amulet)
HPRegen 0.21/turn               A - ring of protection from fire
MPRegen 0.22/turn               (no ring)

@: mighty
A: antennae 1, large bone plates 1, powered by pain 1, magic regeneration
a: Renounce Religion, Berserk, Trog's Hand, Brothers in Arms


You were on level 7 of the Dungeon.
You worshipped Trog.
Trog was greatly pleased with you.
You visited 1 branch of the dungeon, and saw 7 of its levels.

You collected 282 gold pieces.

Inventory:

Hand Weapons
 l - a +0 mace of venom (weapon)
 z - a +1 whip of freezing
 B - a +2 vorpal mace
Missiles
 a - 6 javelins
 f - 7 boomerangs (quivered)
Armour
 n - a +0 plate armour (worn)
 v - a +0 kite shield (worn)
Jewellery
 i - a ring of ice
 A - a ring of protection from fire (left hand)
Scrolls
 d - a scroll of vulnerability {unknown}
 h - 2 scrolls of silence
 j - a scroll of fear {unknown}
 k - a scroll of fog {unknown}
 o - 2 scrolls of enchant weapon {unknown}
 p - 2 scrolls of blinking {unknown}
 q - a scroll of teleportation {unknown}
 s - a scroll of acquirement {unknown}
 y - a scroll of noise {unknown}
Potions
 b - a potion of might
 e - a potion of mutation
 g - a potion of attraction
 m - 2 potions of resistance
 r - a potion of heal wounds {unknown}
 t - a potion of lignification {unknown}
 u - 4 potions of curing
 w - a potion of ambrosia {unknown}
 x - a potion of cancellation {unknown}


   Skills:
 + Level 6.8 Fighting
 + Level 6.1 Maces & Flails
 + Level 0.8 Throwing
 + Level 5.9 Armour
 + Level 5.9 Dodging
 + Level 4.0 Shields


You had 8 spell levels left.
You didn't know any spells.
Your spell library was empty.

Dungeon Overview and Level Annotations

Branches:
Dungeon (7/15)             Temple (0/1) D:6

Altars:

Annotations:
D:5 2 transporters, fingers's ghost, novice VSBr
D:7 4 runed translucent doors


Innate Abilities, Weirdness & Mutations

You have a pair of small antennae on your head.
You are partially covered in large bone plates. (SH +4)
You sometimes gain a little power by taking damage.
You regenerate magic rapidly.


Message History

The orc warrior hits you with a +0 scimitar.
You hit the orc warrior but do no damage.
The orc warrior hits you but does no damage.
You block the orc warrior's attack.
You completely miss the orc warrior.
The orc warrior hits you with a +0 scimitar.
You hit the orc warrior but do no damage.
You block the orc warrior's attack.
You hit the orc warrior but do no damage.
You block the orc warrior's attack.
You completely miss the orc warrior. You block the orc warrior's attack.
The orc warrior hits you with a +0 scimitar!
You barely miss the orc warrior. You block the orc warrior's attack.
You closely miss the orc warrior. You block the orc warrior's attack.
You hit the orc warrior but do no damage.
The orc warrior completely misses you.
Your +0 mace of venom begins to drip with poison!
l - a +0 mace of venom (weapon)
You block the orc warrior's attack.
You closely miss the orc warrior. You block the orc warrior's attack.
You hit the orc warrior.
The orc warrior is poisoned.
The orc warrior is lightly wounded.
The orc warrior barely misses you.
You hit the orc warrior but do no damage.
The orc warrior looks even sicker.
The orc warrior is lightly wounded.
The orc warrior hits you with a +0 scimitar!
You focus on the pain.
You feel very mighty all of a sudden.
The orc warrior hits you with a +0 scimitar!!
* * * LOW HITPOINT WARNING * * *
You barely miss the orc warrior.
The orc warrior is lightly wounded.
The orc warrior hits you with a +0 scimitar.
* * * LOW HITPOINT WARNING * * *
You hit the orc warrior.
The orc warrior looks as sick as possible!
The orc warrior is lightly wounded.
The orc warrior hits you with a +0 scimitar!
You die...

#.# #.#.# #.#
#.#.# #.# #.#.#
#.# #.#.##### #.#
##.#.....#
#.#####
##........#
#.....#
#..######..#
#.....###.##o...#
.# #......##.#@##
# #.........##.#
#..##++##.'.##
#.##8..8#####{
#.#8....8#
#.#)....=#
#.#$....}#
######.#8....8#
...)...##8..8# #


You could see an orc warrior (extremely poisoned).

Vanquished Creatures
  Pikel (D:6)
  Prince Ribbit (D:6)
  A sky beast (D:7)
  An ogre (D:6)
  A lemure (D:6)
  3 phantoms
  2 bullfrogs
  3 necrophages
  2 scorpions
  5 wights (D:6)
  2 killer bees (D:7)
  A howler monkey (D:5)
  3 hounds
  3 gnoll shamans
  3 orc priests
  2 jellies
  3 iguanas
  Terence (D:3)
  Ijyb (D:3)
  Natasha (thrice) (D:4)
  2 orc wizards
  17 gnolls
  12 adders
  A shadow imp (D:5)
  2 white imps (D:6)
  3 ufetubi (D:5)
  A dart slug (D:4)
  12 orcs
  5 ball pythons
  3 endoplasms
  5 giant cockroaches
  12 goblins
  7 hobgoblins
  12 jackals
  A quokka (D:5)
  9 bats
  4 frilled lizards
  11 kobolds
  5 rats
166 creatures vanquished.

Notes
Turn   | Place    | Note
-------+----------+-------------------------------------------
     0 | D:1      | siradein the Demonspawn Berserker began the quest for the
                  | Orb.
     0 | D:1      | Reached XP level 1. HP: 18/18 MP: 1/1
   188 | D:1      | Gained mutation: You regenerate magic rapidly. [demonic
                  | ancestry]
   188 | D:1      | Reached XP level 2. HP: 9/24 MP: 2/2
   918 | D:1      | Reached XP level 3. HP: 20/29 MP: 3/3
  1337 | D:1      | Reached ** piety under Trog
  1845 | D:2      | Gained mutation: You are partially covered in large bone
                  | plates. (SH +4) [demonic ancestry]
  1845 | D:2      | Reached XP level 4. HP: 35/35 MP: 4/4
  2333 | D:3      | Noticed Ijyb
  2343 | D:3      | Paralysed by Ijyb for 4 turns
  2390 | D:3      | Killed Ijyb
  2586 | D:3      | Reached XP level 5. HP: 42/42 MP: 5/5
  2812 | D:3      | Noticed Terence
  2857 | D:3      | Killed Terence
  3697 | D:4      | Reached XP level 6. HP: 38/48 MP: 6/6
  4098 | D:4      | Noticed Natasha
  4102 | D:4      | Killed Natasha
  4105 | D:4      | Reached *** piety under Trog
  4176 | D:4      | Noticed Natasha
  4190 | D:4      | Killed Natasha
  4505 | D:4      | Noticed Natasha
  4518 | D:4      | Killed Natasha
  4767 | D:4      | Gained mutation: You sometimes gain a little power by
                  | taking damage. [demonic ancestry]
  4767 | D:4      | Reached XP level 7. HP: 54/55 MP: 7/7
  4942 | D:5      | Entered Level 5 of the Dungeon
  5303 | D:5      | Reached skill level 5 in Fighting
  5594 | D:5      | Noticed a yak
  5699 | D:5      | Reached skill level 1 in Shields
  5734 | D:5      | Found a transporter.
  5754 | D:5      | Found a transporter.
  5760 | D:5      | Noticed fingers's ghost (novice VSBr)
  5880 | D:5      | Reached XP level 8. HP: 61/63 MP: 8/8
  6500 | D:6      | Noticed Pikel
  6532 | D:6      | Killed Pikel
  6533 | D:6      | Reached skill level 5 in Maces & Flails
  6533 | D:6      | Reached skill level 5 in Armour
  6533 | D:6      | Reached skill level 5 in Dodging
  6971 | D:6      | Found a staircase to the Ecumenical Temple.
  7499 | D:6      | Gained mutation: You have a pair of small antennae on your
                  | head. [demonic ancestry]
  7499 | D:6      | Reached XP level 9. HP: 69/70 MP: 9/9
  7553 | D:6      | Reached **** piety under Trog
  7596 | D:6      | Noticed Prince Ribbit
  7688 | D:6      | Killed Prince Ribbit
  8388 | D:7      | Found a large runed translucent door.
  8389 | D:7      | Found a large runed translucent door.
  8391 | D:7      | Noticed a gargoyle
  8395 | D:7      | Found a large runed translucent door.
  8395 | D:7      | Found a large runed translucent door.
  8660 | D:7      | Slain by an orc warrior

Illustrated notes

Levels and vault maps discovered:
D:1:      lemuel_arrival_river_passageway, layout_basic
D:2:      layout_rooms
D:3:      wander_river, layout_basic, hangedman_decor_opposing,
          hangedman_decor_diamond_cutter, uniq_terence, uniq_ijyb
D:4:      layout_basic, chequers_decorated_corner, minivault_5, uniq_natasha
D:5:      layout_basic, gammafunk_ghost_arena
D:6:      layout_loops_ring, minmay_temple_entry_junction, uniq_prince_ribbit1,
          uniq_pikel
D:7:      nzn_winding_woodlands_small [nzn_winding_woodlands_5x15_sidewinder,
          nzn_winding_woodlands_center_diamonds,
          nzn_winding_woodlands_5x15_split_checker], layout_basic,
          minmay_hollow_rounded_squares

Skill      XL: |  1  2  3  4  5  6  7  8  9 |
---------------+----------------------------+-----
Armour         | 2 3 4 5 |  5.9
Dodging        | 2 3 4 5 |  5.9
Maces & Flails | 3 4 5 6 |  6.1
Fighting       | 4 5 6 |  6.8
Shields        | 1 3 4 |  4.0
Throwing       | |  0.8

Action                   |  1- 3 |  4- 6 |  7- 9 || total
-------------------------+-------+-------+-------++-------
Melee: Mace              |   167 |   209 |   291 ||   667
       Punch             |     1 |     1 |       ||     2
       Flail             |       |     5 |    46 ||    51
       Whip              |       |       |    25 ||    25
Throw: Boomerang         |       |       |     3 ||     3
Invok: Berserk           |     1 |     1 |     1 ||     3
  Use: Scroll            |       |     2 |     4 ||     6
Armor: Leather armour    |    59 |       |       ||    59
       Ring mail         |    17 |    33 |       ||    50
       Chain mail        |       |    46 |       ||    46
       Plate armour      |       |    25 |   139 ||   164
Dodge: Dodged            |   157 |    87 |    94 ||   338
Block: Other             |       |    45 |    16 ||    61
       Kite shield       |       |       |   216 ||   216

Table legend: (Time is in decaauts)
 A = Elapsed time spent in this place.
 B = Non-inter-level travel time spent in this place.
 C = Inter-level travel time spent in this place.
 D = Time resting spent in this place.
 E = Time spent auto-exploring this place.
 F = Levels seen in this place.
 G = Mean time per level.
                   A        B        C        D        E       F      G
               +--------+--------+--------+--------+--------+-----+--------+
         Total |   8903 |   8676 |    227 |   1332 |   5298 |   7 | 1271.9 |
       Dungeon |   8903 |   8676 |    227 |   1332 |   5298 |   7 | 1271.9 |
               +--------+--------+--------+--------+--------+-----+--------+

Top non-repeatable levels by time:
     D:5: 1720 daAuts
     D:6: 1692 daAuts
     D:1: 1440 daAuts
     D:2: 1353 daAuts
     D:3: 1183 daAuts
     D:4: 1098 daAuts
     D:7: 414 daAuts
